 Dungeon Crawl Stone Soup version 0.25.1-2-g60ff931df9 (webtiles) character file.

Game seed: 492833227870089870

1353 hawla the Slasher (level 8, -5/71 HPs)
             Began as a Minotaur Berserker on Oct 28, 2020.
             Was a Priest of Trog.
             Slain by an orc warrior
             ... wielding a +0 scimitar
              (18 damage)
             ... on level 6 of the Dungeon.
             The game lasted 00:12:53 (7443 turns).

hawla the Slasher (Minotaur Berserker)              Turns: 7443, Time: 00:12:54

Health: -5/71      AC:  6    Str: 23    XL:     8   Next: 37%
Magic:  7/7        EV: 13    Int:  4    God:    Trog [***...]
Gold:   215        SH:  0    Dex: 11    Spells: 7/7 levels left

rFire    . . .     SeeInvis .   k - +0 dagger (venom)
rCold    + . .     Gourm    .   (no shield)
rNeg     . . .     Faith    .   n - +0 ring mail {rC+}
rPois    .         Spirit   .   (helmet restricted)
rElec    .         Reflect  .   (no cloak)
rCorr    .         Harm     .   (no gloves)
MR       .....                  (no boots)
Stlth    ++........             (no amulet)
HPRegen  0.21/turn              f - ring of stealth
MPRegen  0.10/turn              (no ring)

@: no status effects
A: retaliatory headbutt, horns 2
a: Berserk, Trog's Hand, Renounce Religion


You were on level 6 of the Dungeon.
You worshipped Trog.
Trog was most pleased with you.
You were not hungry.

You visited 2 branches of the dungeon, and saw 7 of its levels.

You collected 215 gold pieces.

Inventory:

Hand Weapons
 d - a +0 great sword
 k - a +0 dagger of venom (weapon)
Missiles
 b - 10 boomerangs (quivered)
 h - 10 poisoned darts
Armour
 n - a +0 ring mail of cold resistance (worn)
Jewellery
 f - a ring of stealth (left hand)
 m - an uncursed ring of ice {unknown}
Scrolls
 a - a scroll of enchant armour
 g - 2 scrolls of teleportation
 l - 3 scrolls of remove curse
Potions
 e - a potion of might
 i - 2 potions of stabbing
Comestibles
 c - 11 rations


   Skills:
 + Level 6.8 Fighting
 + Level 2.5(4.9) Short Blades
 + Level 7.2(7.4) Long Blades
 + Level 4.5 Armour
 * Level 5.7 Dodging
 + Level 3.0 Stealth


You had 7 spell levels left.
You didn't know any spells.
Your spell library was empty.

Dungeon Overview and Level Annotations

Branches:
Dungeon (6/15)             Temple (1/1) D:4

Altars:
Cheibriados
Dithmenos
Elyvilon
Fedhas
Gozag
Hepliaklqana
Makhleb
Okawaru
Qazlal
Sif Muna
Trog
Wu Jian
Xom
Yredelemnul
Zin


Innate Abilities, Weirdness & Mutations

You reflexively headbutt those who attack you in melee.
You have a pair of horns on your head.


Message History

You hit the orc warrior.
The orc warrior looks as sick as possible!
The orc warrior is heavily wounded.
You barely miss the orc warrior. Your headbutt misses the orc warrior.
The orc warrior is heavily wounded.
The orc warrior hits you with a +0 scimitar!
You barely miss the orc warrior. Your headbutt misses the orc warrior.
The orc warrior is heavily wounded.
The orc priest looks satisfied for a moment.
The orc suddenly cheers, in orcish tradition.
You see here a leather armour.
The orc priest mumbles some strange prayers to Beogh against you.
Beogh smites you!
* * * LOW HITPOINT WARNING * * *
You hit the orc warrior but do no damage.
The orc warrior looks as sick as possible!
Your headbutt misses the orc warrior.
The orc warrior is almost dead.
The orc warrior hits you with a +0 scimitar!!
You die...

#####...####......<..####...##.#
...........+...รท.....'.........#
#####...####........(####......#
##..# ##.......## ##.(...# ##.#
##.....## #.....# #.# ##...##
#.....# #.# ##+## ###.### #.# #.#
#.# #.# #@# #.# #.########o## #.#
#.......#.o.## .<# #######......#
## #.#.o.## #.##.######.#
#...........# ####.######## #.#


You could see an orc warrior (extremely poisoned), an orc priest and an orc.

Vanquished Creatures
  A sky beast (D:5)
  A black bear (D:6)
  3 phantoms
  A centaur (D:5)
  A scorpion (D:6)
  A crimson imp (D:5)
  A bullfrog zombie (D:5)
  3 hounds
  2 orc priests (D:5)
  2 centaur skeletons (D:4)
  3 orc wizards (D:5)
  3 iguanas
  Natasha (twice) (D:2)
  2 worker ants
  A killer bee zombie (D:2)
  11 adders
  2 worms
  5 dart slugs
  7 leopard geckos
  12 orcs
  5 bats
  7 giant cockroaches
  11 hobgoblins
  9 jackals
  4 frilled lizards
  12 goblins
  6 kobolds
  2 leopard gecko skeletons
  9 rats
129 creatures vanquished.

Notes
Turn   | Place    | Note
-------+----------+-------------------------------------------
     0 | D:1      | hawla the Minotaur Berserker began the quest for the Orb.
     0 | D:1      | Reached XP level 1. HP: 19/19 MP: 0/0
    64 | D:1      | Reached skill level 4 in Long Blades
    64 | D:1      | Reached XP level 2. HP: 13/27 MP: 1/1
   729 | D:1      | Reached XP level 3. HP: 25/33 MP: 2/2
  1562 | D:2      | Reached ** piety under Trog
  1623 | D:2      | Reached XP level 4. HP: 13/41 MP: 3/3
  2010 | D:2      | Found a faded altar of an unknown god.
  2057 | D:2      | Noticed Natasha
  2066 | D:2      | Killed Natasha
  2066 | D:2      | Reached skill level 1 in Short Blades
  2104 | D:2      | Noticed Natasha
  2119 | D:2      | Killed Natasha
  2119 | D:2      | Reached XP level 5. HP: 21/47 MP: 4/4
  2953 | D:3      | Reached skill level 1 in Stealth
  3736 | D:3      | Found a shimmering blue altar of Sif Muna.
  4038 | D:3      | Found a shadowy altar of Dithmenos.
  4047 | D:3      | Reached skill level 5 in Fighting
  4429 | D:4      | Reached XP level 6. HP: 53/56 MP: 5/5
  4701 | D:4      | Reached *** piety under Trog
  4719 | D:4      | Reached skill level 5 in Long Blades
  4737 | D:4      | Found a white marble altar of Elyvilon.
  4808 | D:4      | Reached XP level 7. HP: 61/61 MP: 6/6
  4955 | D:4      | Found a staircase to the Ecumenical Temple.
  5020 | Temple   | Entered the Ecumenical Temple
  5199 | D:4      | Found an ornate altar of the Wu Jian Council.
  5516 | D:5      | Entered Level 5 of the Dungeon
  5598 | D:5      | Reached skill level 5 in Dodging
  5671 | D:5      | Reached skill level 6 in Long Blades
  6405 | D:5      | Reached XP level 8. HP: 60/71 MP: 7/7
  7136 | D:6      | Reached skill level 7 in Long Blades
  7443 | D:6      | Slain by an orc warrior

Illustrated notes

Levels and vault maps discovered:
D:1:      dpeg_arrival_court, layout_basic
D:2:      layout_basic, chequers_ecumenical_altar_island, uniq_natasha
D:3:      layout_loops_ring, nicolae_dithmenos_through_a_glass_darkly,
          lemuel_blue_sif_altar
D:4:      layout_loops_ring, kennysheep_mini_moat, lemuel_round_altar,
          minmay_temple_entry_stoned_glass, hangedman_abyss_or_decor_slice
D:5:      layout_layer_cave, first_ration
D:6:      layout_loops_corners, nicolae_ru_great_annihilating_truth,
          serial_shops, shop
Temple:   hc_temple_tempest_star

Skill      XL: |  1  2  3  4  5  6  7  8 |
---------------+-------------------------+-----
Long Blades    | 4 5 6 7 |  7.2
Fighting       | 4 5 6 |  6.8
Dodging        | 3 4 5 |  5.7
Short Blades   | 1 2 |  2.5
Stealth        | 1 2 3 |  3.0
Armour         | 3 4 |  4.5

Action                   |  1- 3 |  4- 6 |  7- 9 || total
-------------------------+-------+-------+-------++-------
Melee: Falchion          |    10 |     4 |       ||    14
       Headbutt          |    10 |    27 |    26 ||    63
       Short sword       |    62 |    43 |       ||   105
       Dagger            |       |    44 |    48 ||    92
       Great sword       |       |    29 |    66 ||    95
Throw: Boomerang         |       |       |     1 ||     1
  Use: Scroll            |     3 |     5 |     3 ||    11
       Potion            |     1 |     1 |     3 ||     5
 Stab: Sleeping          |     3 |    10 |     3 ||    16
  Eat: Chunk             |     2 |    10 |     8 ||    20
Armor: Animal skin       |    13 |     4 |       ||    17
       Ring mail         |       |     7 |    24 ||    31
Dodge: Dodged            |    45 |    54 |    84 ||   183
       Rpst.: Falchion   |     2 |     2 |       ||     4
       Great sword       |       |     7 |    20 ||    27
